 Dungeon Crawl Stone Soup version 0.27.1-3-gb3d3a73c9e (webtiles) character file.

Game seed: 16879050289653525394

70 barney the Changer (level 4, 0/35 HPs)
             Began as a Draconian Transmuter on Oct 5, 2021.
             Slain by Terence (3 damage)
             ... on level 3 of the Dungeon.
             The game lasted 00:02:44 (2874 turns).

barney the Changer (Draconian Transmuter)           Turns: 2874, Time: 00:02:45

Health: 0/35       AC:  5    Str: 18    XL:     4   Next: 4%
Magic:  7/7        EV: 12    Int: 15    God:
Gold:   124        SH:  0    Dex: 11    Spells: 1/7 levels left

rFire    . . .     SeeInvis .     - Unarmed
rCold    . . .     Faith    .   (no shield)
rNeg     . . .     Spirit   .   (armour unavailable)
rPois    .         Reflect  .   (helmet currently unavailable)
rElec    .         Harm     .   (no cloak)
rCorr    .         Rampage  .   (no gloves)
Will     .....                  (boots currently unavailable)
Stlth    +.........             (no amulet)
HPRegen  0.11/turn              f - +6 ring of strength
MPRegen  0.10/turn              (no ring)

@: appendages
A: horns 2, talons 2, AC +5, unfitting armour, cold-blooded
a: End Transformation


You were on level 3 of the Dungeon.
You had temporarily grown beastly horns and talons.
You visited 1 branch of the dungeon, and saw 3 of its levels.

You collected 124 gold pieces.

Inventory:

Magical Staves
 a - a staff of death
Jewellery
 f - a +6 ring of strength (left hand)
 g - a ring of see invisible
Scrolls
 c - a scroll of fog {unknown}
 e - a scroll of teleportation {unknown}
Potions
 d - a potion of brilliance


   Skills:
 - Level 1.1 Fighting
 - Level 1.7 Dodging
 + Level 0.9 Stealth
 - Level 3.0 Unarmed Combat
 - Level 2.0 Spellcasting
 + Level 4.2 Transmutations


You had one spell level left.
You knew the following spells:

 Your Spells              Type           Power      Damage    Failure   Level
a - Beastly Appendage     Tmut           28%        N/A       4%          1
b - Spider Form           Tmut/Pois      3%         N/A       28%         3
c - Wereblood             Tmut           14%        N/A       6%          2

Your spell library contained the following spells:

 Spells                   Type           Power      Damage    Failure   Level
 Ice Form                 Ice/Tmut       7%         N/A       67%         4


Dungeon Overview and Level Annotations

Branches:
Dungeon (3/15)

Altars:

Shops:
D:2 *

Annotations:
D:3 Terence


Innate Abilities, Weirdness & Mutations

You have temporarily grown beastly horns and talons.
Your plain brown scales are hard. (AC +5)
You cannot fit into any form of body armour.
You are cold-blooded and may be slowed by cold attacks.


Message History

The endoplasm freezes you.
You are frozen.
You barely miss Terence. Your kick misses Terence.
You headbutt Terence, but do no damage.
Terence is moderately wounded.
The bat hits you. Terence barely misses you. The endoplasm freezes you.
You are frozen.
You feel yourself slow down.
You hit Terence but do no damage. You claw Terence.
Terence is heavily wounded.
The bat hits you but does no damage. Terence hits you but does no damage.
The endoplasm hits you. The bat hits you.
Terence hits you with a +1 mace of protection!
Okay, then.
The bat hits you.
* * * LOW HITPOINT WARNING * * *
The frilled lizard bites you.
* * * LOW HITPOINT WARNING * * *
Terence zaps a wand.
Some rock shatters into small pieces.
The endoplasm freezes you.
You are frozen.
* * * LOW HITPOINT WARNING * * *
The bat misses you. The frilled lizard closely misses you.
The frilled lizard bites you but does no damage.
The endoplasm freezes you.
You are frozen.
* * * LOW HITPOINT WARNING * * *
The bat barely misses you.
Casting: Beastly Appendage (safe; 4% risk of failure)
Confirm with . or Enter, or press ? or * to list all spells.
You don't know that spell.
You are too injured to fight recklessly!
Unknown command.
You feel yourself speed up. The bat hits you.
* * * LOW HITPOINT WARNING * * *
The frilled lizard hisses.
The frilled lizard bites you but does no damage.
Terence hits you with a +1 mace of protection.
You die...

.≈≈≈≈≈≈≈≈≈≈.##....
.P≈≈≈≈≈≈≈≈........
P.:≈≈≈≈≈..........
.....≈≈....P...[..
.P..P.P...P.......
####.#...#.......
....#...........
###.@#Jb#.......
#.@l..#.......
#.####.###.####
#.# .# .# #.# .#
## ##


You could see Terence, an endoplasm, a bat and a frilled lizard.

Vanquished Creatures
  An adder (D:2)
  A worm (D:2)
  2 dart slugs (D:1)
  4 bats
  4 endoplasms
  3 giant cockroaches
  7 goblins
  6 hobgoblins
  4 quokkas (D:2)
  8 ball pythons
  A frilled lizard (D:1)
  4 kobolds
  4 rats (D:1)
49 creatures vanquished.

Notes
Turn   | Place    | Note
-------+----------+-------------------------------------------
     0 | D:1      | barney the Draconian Transmuter began the quest for the
                  | Orb.
     0 | D:1      | Reached XP level 1. HP: 16/16 MP: 3/3
   379 | D:1      | Reached XP level 2. HP: 17/23 MP: 3/5
   570 | D:1      | Reached skill level 3 in Transmutations
   982 | D:1      | HP: 1/23 [goblin (3)]
  1440 | D:1      | Reached XP level 3. HP: 27/28 MP: 4/6
  1444 | D:1      | Learned a level 3 spell: Spider Form
  1447 | D:1      | Learned a level 2 spell: Wereblood
  1603 | D:1      | Found a faded altar of an unknown god.
  2142 | D:2      | Found Qiquij's General Store.
  2332 | D:2      | Reached skill level 4 in Transmutations
  2612 | D:2      | Reached XP level 4. HP: 26/35 MP: 5/7
  2857 | D:3      | Noticed Terence
  2874 | D:3      | Slain by Terence

Illustrated notes

Levels and vault maps discovered:
D:1:      giann_wishing_wells, layout_loops_ring,
          shapermc_ecumenical_altar_ellora
D:2:      layout_loops_ring, serial_shops, nicolae_shop_waterfront,
          minmay_split_cup_large
D:3:      layout_rooms, guppyfry_early_lair_pool, uniq_jessica, uniq_terence

Skill      XL: |  1  2  3 |
---------------+----------+-----
Transmutations | 3 4 |  4.2
Fighting       | |  1.1
Dodging        | |  1.7
Stealth        | |  0.9
Unarmed Combat | |  3.0
Spellcasting   | |  2.0

Action                   |  1- 3 |  4- 6 || total
-------------------------+-------+-------++-------
Melee: Unarmed           |   134 |    16 ||   150
       Kick              |    21 |     2 ||    23
       Headbutt          |     7 |     3 ||    10
       Tailslap          |     8 |     1 ||     9
 Cast: Beastly Appendage |    25 |     2 ||    27
  Use: Potion            |     1 |       ||     1
       Scroll            |       |     1 ||     1
 Stab: Sleeping          |     2 |     1 ||     3
Armor: Skin              |    56 |     7 ||    63
Dodge: Dodged            |    80 |    18 ||    98
